 Dungeon Crawl Stone Soup version 0.26-a0-854-gdc81c2f471 (webtiles) character file.

Game seed: 7321113335810424635

2193 mhtbhm the Cudgeller (level 9, -4/54 HPs)
             Began as a Gargoyle Fighter on Nov 22, 2020.
             Was a Believer of Okawaru.
             Slain by Maggie
             ... wielding a +3 halberd of flaming
              (6 damage)
             ... on level 8 of the Dungeon.
             The game lasted 00:09:47 (6824 turns).

mhtbhm the Cudgeller (Gargoyle Fighter)             Turns: 6824, Time: 00:09:47

Health: -4/54      AC: 15    Str: 24    XL:     9   Next: 34%
Magic:  9/9        EV:  9    Int:  8    God:    Okawaru [**....]
Gold:   401        SH: 11    Dex:  9    Spells: 8/8 levels left

rFire    . . .     SeeInvis .   a - +0 mace (vorpal)
rCold    + . .     Faith    .   c - +0 kite shield of the Forest {rPois rC+ rN+} (curse)
rNeg     + + .     Spirit   .   b - +0 scale mail
rPois    ∞         Reflect  .   f - +0 helmet (curse)
rElec    +         Harm     .   (no cloak)
rCorr    .         Rampage  .   (no gloves)
MR       .....                  (no boots)
Stlth    ..........             g - amulet of the acrobat
HPRegen  0.18/turn              (no ring)
MPRegen  0.11/turn              (no ring)

@: mighty, mesmerised
A: negative energy resistance 1, electricity resistance, unbreathing,
petrification resistance, rot immunity, AC +6
a: Heroism, Renounce Religion


You were on level 8 of the Dungeon.
You worshipped Okawaru.
Okawaru was pleased with you.
You visited 1 branch of the dungeon, and saw 8 of its levels.

You collected 401 gold pieces.

Inventory:

Hand Weapons
 a - a +0 vorpal mace (weapon)
Armour
 b - a +0 scale mail (worn)
 c - the cursed +0 kite shield of the Forest (worn) {rPois rC+ rN+}
   (You found it on level 6 of the Dungeon)

   It protects you from cold.
   It protects you from poison.
   It protects you from negative energy.
   It has a curse placed upon it.
 f - a cursed +0 helmet (worn)
Jewellery
 g - an amulet of the acrobat (around neck)
 s - an uncursed amulet of faith
Wands
 m - a wand of polymorph (6)
 p - a wand of flame (23)
 t - a wand of random effects (21)
 y - a wand of paralysis (5)
Scrolls
 e - 2 scrolls of random uselessness {unknown}
 h - 5 scrolls of identify
 j - 2 scrolls of remove curse {unknown}
 k - 3 scrolls of enchant weapon {unknown}
 l - 2 scrolls of noise {unknown}
 n - a scroll of blinking {unknown}
 o - 4 scrolls of teleportation
 v - a scroll of enchant armour {unknown}
 w - a scroll of amnesia {unknown}
 A - a scroll of magic mapping {unknown}
Potions
 i - a potion of flight
 q - a potion of haste {unknown}
 r - 2 potions of degeneration {unknown}
 u - a potion of resistance {unknown}
 x - a potion of invisibility {unknown}
 z - 2 potions of berserk rage {unknown}


   Skills:
 + Level 5.4 Fighting
 + Level 7.5 Maces & Flails
 + Level 6.7 Armour
 + Level 2.9 Dodging
 + Level 1.1 Stealth
 + Level 7.0 Shields
 + Level 0.5 Evocations


You had 8 spell levels left.
You didn't know any spells.
Your spell library was empty.

Dungeon Overview and Level Annotations

Branches:
Dungeon (7/15)             Temple (0/1) D:5

Altars:
Cheibriados
Dithmenos
Elyvilon
Hepliaklqana
Nemelex Xobeh
Okawaru
Qazlal
Sif Muna
Trog
Xom

Annotations:
D:8 Maggie


Innate Abilities, Weirdness & Mutations

You are resistant to torment.
Your stone body is resilient. (AC +6)
You are immune to poison.
You resist negative energy. (rN+)
You are resistant to electric shocks. (rElec)
You can survive without breathing.
You are immune to petrification.
You are immune to rotting.


Message History

You hit Maggie but do no damage.
Maggie is moderately wounded.
Maggie mutters to herself, "Master Lance won't take me back.
This is the way forward."
Maggie barely misses you.
You barely miss Maggie.
Maggie is moderately wounded.
Maggie casts a spell at you. The bolt of fire hits you!!
Ouch! That really hurt!
* * * LOW HITPOINT WARNING * * *
You barely miss Maggie.
Maggie is moderately wounded.
Maggie hits you with a +3 halberd of flaming.
* * * LOW HITPOINT WARNING * * *
Maggie burns you.
* * * LOW HITPOINT WARNING * * *
You hit Maggie.
Maggie is moderately wounded.
Maggie hits you with a +3 halberd of flaming.
You die...

#####
#.@@#
#)#.#
#.#.#
#.#.#
#.#..
#.###
#.#
###
#.#
..#
#.#
#.#


You could see Maggie (mesmerising).

Vanquished Creatures
  Grinder (D:4)
  Eustachio (D:5)
  A water moccasin (D:5)
  A black bear (D:7)
  An ice beast (D:8)
  A phantom (D:6)
  5 ogres
  A centaur (D:5)
  A bullfrog (D:6)
  A bullfrog zombie (D:5)
  2 hounds
  2 jellies (D:6)
  A bullfrog skeleton (D:6)
  3 orc priests
  A centaur skeleton (D:5)
  7 orc wizards
  Jessica (D:6)
  A gnoll shaman (D:5)
  2 worker ants
  A hound skeleton (D:7)
  A howler monkey zombie (D:5)
  3 gnolls (D:5)
  11 adders
  A white imp (D:5)
  2 ufetubi
  2 oozes
  An adder zombie (D:2)
  An adder skeleton (D:7)
  3 worms
  A leopard gecko (D:3)
  34 orcs
  A ball python (D:3)
  A bat zombie (D:2)
  3 giant cockroaches
  5 goblins
  7 hobgoblins
  14 jackals
  7 quokkas
  A ball python skeleton (D:4)
  7 bats
  3 frilled lizards
  A giant cockroach zombie (D:2)
  2 jackal skeletons
  6 kobolds
  2 leopard gecko skeletons
  A quokka skeleton (D:5)
  6 rats
162 creatures vanquished.

Vanquished Creatures (others)
  2 withered plants (D:2)
2 creatures vanquished.

Grand Total: 164 creatures vanquished

Notes
Turn   | Place    | Note
-------+----------+-------------------------------------------
     0 | D:1      | mhtbhm the Gargoyle Fighter began the quest for the Orb.
     0 | D:1      | Reached XP level 1. HP: 14/14 MP: 1/1
   246 | D:1      | Reached XP level 2. HP: 19/19 MP: 2/2
   916 | D:2      | Reached XP level 3. HP: 23/23 MP: 3/3
  1041 | D:2      | Found a white marble altar of Elyvilon.
  1422 | D:2      | Found a stormy altar of Qazlal.
  1579 | D:2      | You fall into a shaft and drop 1 floor!
  1589 | D:3      | Reached XP level 4. HP: 29/29 MP: 4/4
  1922 | D:3      | Reached XP level 5. HP: 24/33 MP: 5/5
  2412 | D:4      | Noticed an ogre
  2420 | D:4      | Killed an ogre
  2421 | D:4      | Reached skill level 1 in Dodging
  2421 | D:4      | Reached XP level 6. HP: 38/38 MP: 6/6
  2463 | D:4      | You fall into a shaft and drop 3 floors!
  2507 | D:7      | Found a shadowy altar of Dithmenos.
  2663 | D:6      | Got a slimy kite shield
  2669 | D:6      | Identified the cursed +0 kite shield of the Forest {rPois
                  | rC+ rN+} (You found it on level 6 of the Dungeon)
  2764 | D:6      | Reached skill level 5 in Shields
  2764 | D:6      | Reached XP level 7. HP: 41/43 MP: 7/7
  2787 | D:6      | Reached skill level 5 in Armour
  2826 | D:5      | Entered Level 5 of the Dungeon
  2850 | D:5      | Reached skill level 5 in Maces & Flails
  3587 | D:4      | Found a hazy altar of Hepliaklqana.
  4227 | D:4      | Found a sparkling altar of Nemelex Xobeh.
  4230 | D:4      | Found an iron altar of Okawaru.
  4236 | D:4      | Became a worshipper of Warmaster Okawaru
  4314 | D:4      | Noticed Grinder
  4322 | D:4      | Killed Grinder
  4323 | D:4      | Reached XP level 8. HP: 48/48 MP: 8/8
  4884 | D:5      | Found a bloodstained altar of Trog.
  4922 | D:5      | Found a staircase to the Ecumenical Temple.
  4982 | D:5      | Noticed Eustachio
  4992 | D:5      | Killed Eustachio
  4992 | D:5      | Reached * piety under Okawaru
  4993 | D:5      | Reached skill level 5 in Fighting
  5082 | D:5      | Found a shimmering altar of Xom.
  5158 | D:5      | Found a snail-covered altar of Cheibriados.
  5320 | D:6      | Noticed Jessica
  5331 | D:6      | Found a shimmering blue altar of Sif Muna.
  5333 | D:6      | Killed Jessica
  5636 | D:5      | Reached XP level 9. HP: 17/54 MP: 9/9
  6193 | D:6      | Reached ** piety under Okawaru
  6651 | D:7      | Reached skill level 1 in Stealth
  6785 | D:7      | You fall into a shaft and drop 1 floor!
  6803 | D:8      | Noticed Maggie
  6823 | D:8      | HP: 2/54 [Maggie/+3 halberd of flaming (2)]
  6824 | D:8      | Slain by Maggie

Illustrated notes

Levels and vault maps discovered:
D:1:      wander_arrival_chamber, layout_basic
D:2:      layout_basic, elyvilon_altar_5, serial_undead, serial_undead_f,
          serial_undead_e, serial_undead_b, serial_undead_b, serial_undead_a,
          serial_undead_d, minmay_hedge_maze, chequers_serial_rivers_micro_a,
          grunt_qazlal_sundering
D:3:      layout_basic
D:4:      layout_layer_cave, lemuel_coloured_pillars_altar,
          gammafunk_temple_overflow_statue, uniq_grinder
D:5:      layout_rooms, kennysheep_mini_moat, marbit_many_paths, temple_hall,
          basic_altar, uniq_eustachio
D:6:      layout_loops_ring, tgw_sif
D:7:      layout_basic, ashenzari_altar_1, nicolae_dithmenos_shadow_blocks
D:8:      layout_basic, lemuel_crystal_altar, minmay_orc_keep, uniq_maggie

Skill      XL: |  1  2  3  4  5  6  7  8  9 |
---------------+----------------------------+-----
Maces & Flails | 3 4 5 7 |  7.5
Shields        | 4 5 6 7 |  7.0
Armour         | 4 5 6 |  6.7
Fighting       | 4 5 |  5.4
Dodging        | 1 2 |  2.9
Stealth        | 1 |  1.1
Evocations     | |  0.5

Action                   |  1- 3 |  4- 6 |  7- 9 || total
-------------------------+-------+-------+-------++-------
Melee: Flail             |    27 |       |       ||    27
       Mace              |   109 |   150 |   407 ||   666
Evoke: Wand              |       |       |     7 ||     7
  Use: Potion            |       |     2 |     2 ||     4
       Scroll            |       |       |     3 ||     3
 Stab: Paralysed         |       |       |     3 ||     3
Armor: Scale mail        |   109 |    83 |   220 ||   412
Dodge: Dodged            |    66 |    73 |   182 ||   321
Block: Kite shield       |    91 |    80 |   285 ||   456

Table legend: (Time is in decaauts)
 A = Elapsed time spent in this place.
 B = Non-inter-level travel time spent in this place.
 C = Inter-level travel time spent in this place.
 D = Time resting spent in this place.
 E = Time spent auto-exploring this place.
 F = Levels seen in this place.
 G = Mean time per level.
                   A        B        C        D        E       F      G
               +--------+--------+--------+--------+--------+-----+--------+
         Total |   6999 |   6924 |     75 |   1164 |   4049 |   8 |  874.9 |
       Dungeon |   6999 |   6924 |     75 |   1164 |   4049 |   8 |  874.9 |
               +--------+--------+--------+--------+--------+-----+--------+

Top non-repeatable levels by time:
     D:4: 1634 daAuts
     D:5: 1395 daAuts
     D:6: 1197 daAuts
     D:3: 852 daAuts
     D:2: 833 daAuts
     D:1: 790 daAuts
     D:7: 255 daAuts
     D:8: 40 daAuts
